 Dungeon Crawl Stone Soup version 0.30.0-5-g1a98f26d00 (webtiles) character file.

Game seed: 8621682657014936600

563 qeuew the Trooper (level 7, 0/39 HPs)
             Began as a Gargoyle Fighter on May 9, 2023.
             Was an Initiate of Nemelex Xobeh.
             Slain by Maggie
             ... wielding a +0 glaive
              (14 damage)
             ... on level 6 of the Dungeon.
             The game lasted 00:05:09 (3459 turns).

qeuew the Trooper (Gargoyle Fighter)                Turns: 3459, Time: 00:05:10

Health: 0/39       AC: 13    Str: 20    XL:     7   Next: 32%
Magic:  9/9        EV:  9    Int:  8    God:    Nemelex Xobeh [......]
Gold:   300        SH:  5    Dex: 11    Spells: 8/9 levels left

rFire   + . .        m - +2 mace (holy)
rCold   . . .        c - +0 buckler
rNeg    + . .        b - +1 scale mail
rPois   ∞            (no helmet)
rElec   +            (no cloak)
rCorr   .            (no gloves)
SInv    .            (no boots)
Will    .....        f - amulet of regeneration Stlth
                     (no ring)
HPRegen 1.06/turn    (no ring)
MPRegen 0.11/turn

%: no passive effects
@: mesmerised
A: sickness immunity, AC +4, negative energy resistance 1, electricity
resistance, torment resistance 1, petrification resistance, fire resistance 1,
frail 1, evolution 1
a: Renounce Religion, Draw Escape, Draw Destruction, Draw Summoning


You were on level 6 of the Dungeon.
You worshipped Nemelex Xobeh.
Nemelex Xobeh was noncommittal.
You visited 1 branch of the dungeon, and saw 6 of its levels.

You collected 300 gold pieces.

Inventory:

Hand Weapons
 a - a +0 flail
 m - a +2 mace of holy wrath (weapon)
Armour
 b - a +1 scale mail (worn)
 c - a +0 buckler (worn)
Jewellery
 f - an amulet of regeneration (around neck)
Wands
 e - a wand of polymorph (7)
 h - a wand of mindburst (9)
 n - a wand of digging (4)
Scrolls
 k - 4 scrolls of teleportation
Potions
 d - a potion of might
 g - a potion of curing
 i - a potion of magic
 j - a potion of resistance
 l - 2 potions of heal wounds
 o - a potion of flight


   Skills:
 + Level 4.5 Fighting
 * Level 4.4 Maces & Flails
 + Level 4.4 Armour
 + Level 4.4 Shields
 + Level 1.6 Spellcasting
 * Level 2.8 Earth Magic
 * Level 1.1 Invocations
 - Level 1.3 Evocations


You had 8 spell levels left.
You knew the following spells:

 Your Spells              Type           Power      Damage    Failure   Level
a - Sandblast             Erth           10%        2d5       36%         1

Your spell library contained the following spells:

 Spells                   Type           Power      Damage    Failure   Level
 Passwall                 Tmut/Erth      1%         N/A       71%         2
 Stone Arrow              Conj/Erth      4%         3d7       90%         3
 Dazzling Flash           Conj/Hex       0%         N/A       98%         3
 Volatile Blastmotes      Fire/Tloc      0%         2d10      98%         3
 Iskenderun's Mystic Bla  Conj/Tloc      0%         2d3       100%        4
 Starburst                Conj/Fire      0%         6d3       100%        6


Dungeon Overview and Level Annotations

Branches:
Dungeon (6/15)
 Temple: D:4-7

Altars:
Elyvilon
Hepliaklqana
Kikubaaqudgha
Nemelex Xobeh
Qazlal
Sif Muna
Trog
Yredelemnul
Zin
The Shining One

Annotations:
D:6 Maggie


Innate Abilities, Weirdness & Mutations

You are immune to sickness and miasma.
Your stone body is resilient. (AC +4)
You are immune to poison.
You resist negative energy. (rN+)
You are resistant to electric shocks. (rElec)
You are resistant to unholy torment.
You are immune to petrification.
Your flesh is heat resistant. (rF+)
You are frail. (-10% HP)
You have hidden genetic potential.


Message History

Found a scroll of identify.
You block Maggie's attack.
You hit Maggie but do no damage. Maggie completely misses you.
You hit Maggie but do no damage. Maggie hits you with a +0 glaive!
Maggie gestures at you while chanting. The bolt of fire hits you! You resist.
You are too injured to fight recklessly!
You are too injured to fight recklessly!
You are too injured to fight recklessly!
You are too injured to fight recklessly!
You are too injured to fight recklessly!
You are too injured to fight recklessly!
You are too injured to fight recklessly!
You are too injured to fight recklessly!
You are too injured to fight recklessly!
You are too injured to fight recklessly!
You are too injured to fight recklessly!
You are too injured to fight recklessly!
Unknown command.
You thump Maggie!
Maggie is lightly wounded.
Maggie mumbles some strange words.
Maggie attempts to bespell you!
You are mesmerised by Maggie!
You completely miss Maggie.
Maggie is lightly wounded.
Maggie hits you with a +0 glaive!
* * * LOW HITPOINT WARNING * * *
Unknown command.
You hit Maggie but do no damage.
Maggie is lightly wounded.
Maggie closely misses you.
You thump Maggie!
Maggie is moderately wounded.
Maggie hits you but does no damage.
You sock Maggie!
Maggie is heavily wounded.
Maggie gives herself a magical halo, but it quickly sputters out.
Maggie hits you with a +0 glaive!
You die...
Your body disappears without a glow.

#. .. .## ..# #
#.##### .# #)#...
..
.###+#<#.##.#.#
#........[.....#
#......?#@##.###
#.......#.@......
#.......####.###?
......... ..
......... ...
......... ..
....... .


You could see Maggie (mesmerising).

Vanquished Creatures
  A sky beast (D:4)
  A scorpion (D:4)
  A hound (D:5)
  An orc priest (D:3)
  A sleepcap (D:5)
  Jessica (D:2)
  Natasha (D:4)
  2 orc wizards
  8 gnolls
  4 adders
  A shadow imp (D:5)
  An ufetubus (D:4)
  3 worms
  3 dart slugs
  9 orcs
  11 ball pythons
  6 endoplasms
  2 giant cockroaches
  7 goblins
  10 hobgoblins
  2 jackals (D:2)
  3 quokkas
  3 bats
  4 frilled lizards
  4 kobolds
  6 rats
96 creatures vanquished.

Notes
Turn   | Place    | Note
-------+----------+-------------------------------------------
     0 | D:1      | qeuew the Gargoyle Fighter began the quest for the Orb.
     0 | D:1      | Reached XP level 1. HP: 14/14 MP: 1/1
   136 | D:1      | Reached XP level 2. HP: 19/19 MP: 2/2
   427 | D:1      | Reached XP level 3. HP: 15/23 MP: 3/3
   748 | D:2      | Noticed Jessica
   768 | D:2      | Killed Jessica
   769 | D:2      | Reached XP level 4. HP: 24/29 MP: 4/4
   860 | D:2      | Found a bloodstained altar of Trog.
  1142 | D:2      | Reached XP level 5. HP: 33/33 MP: 5/5
  1382 | D:2      | Learned a level 1 spell: Sandblast
  1435 | D:3      | Found a faded altar of an unknown god.
  1588 | D:3      | Found a hazy altar of Hepliaklqana.
  1589 | D:3      | Found an ancient bone altar of Kikubaaqudgha.
  1956 | D:3      | Reached skill level 1 in Earth Magic
  2224 | D:4      | Noticed a sky beast
  2242 | D:4      | Reached skill level 1 in Spellcasting
  2242 | D:4      | Reached XP level 6. HP: 26/38 MP: 7/7
  2255 | D:4      | Killed a sky beast
  2256 | D:4      | Reached skill level 1 in Evocations
  2266 | D:4      | Found a stormy altar of Qazlal.
  2384 | D:4      | Found a white marble altar of Elyvilon.
  2384 | D:4      | Found a glowing silver altar of Zin.
  2384 | D:4      | Found a glowing golden altar of the Shining One.
  2637 | D:4      | Noticed Natasha
  2641 | D:4      | Killed Natasha
  2642 | D:4      | Reached XP level 7. HP: 43/44 MP: 9/9
  2676 | D:4      | Found a sparkling altar of Nemelex Xobeh.
  2809 | D:4      | Became a worshipper of Nemelex Xobeh the Trickster
  2831 | D:5      | Entered Level 5 of the Dungeon
  2839 | D:5      | Found a shimmering blue altar of Sif Muna.
  3003 | D:5      | Reached skill level 1 in Invocations
  3017 | D:5      | Found a basalt altar of Yredelemnul.
  3371 | D:5      | Gained mutation: You have hidden genetic potential. [potion
                  | of mutation]
  3371 | D:5      | Gained mutation: You are frail. (-10% HP) [potion of
                  | mutation]
  3371 | D:5      | Gained mutation: Your flesh is heat resistant. (rF+)
                  | [potion of mutation]
  3417 | D:6      | Noticed Maggie
  3459 | D:6      | Slain by Maggie

Illustrated notes

Levels and vault maps discovered:
D:1:      wander_arrival_peaceful_grave, layout_basic
D:2:      layout_loops_ring, basic_altar, uniq_jessica
D:3:      layout_loops_ring, grunt_temple_overflow_open,
          nicolae_ecumenical_snake_handling
D:4:      layout_basic, dreamdust_divine_triumvirate,
          nicolae_qazlal_beasts_of_the_sky, nemelex_spade_bored_becter,
          uniq_natasha
D:5:      layout_basic, mainiacjoe_overflow_alcove_4, kennysheep_mini,
          chequers_big_river
D:6:      layout_basic, ashenzari_conservatory_becter,
          minmay_temple_entry_junction, serial_shops, nicolae_shop_peninsula,
          uniq_maggie

Skill      XL: |  1  2  3  4  5  6  7 |
---------------+----------------------+-----
Maces & Flails | 3 4 |  4.4
Shields        | 4 |  4.4
Fighting       | 4 |  4.5
Armour         | 4 |  4.4
Earth Magic    | 1 2 |  2.8
Spellcasting   | 1 |  1.6
Evocations     | 1 |  1.3
Invocations    | 1 |  1.1

Action                     |  1- 3 |  4- 6 |  7- 9 || total
---------------------------+-------+-------+-------++-------
  Melee: Flail             |    62 |   152 |       ||   214
         Unarmed           |    13 |       |       ||    13
         Mace              |       |    66 |    86 ||   152
    Use: Scroll            |     4 |     4 |     1 ||     9
         Potion            |       |     6 |     4 ||    10
 Armour: Scale mail        |    22 |   170 |    55 ||   247
  Dodge: Dodged            |    41 |   106 |    41 ||   188
  Block: Buckler           |    13 |    65 |    16 ||    94
